 Dungeon Crawl Stone Soup version 0.20-a0-151-g755e310 (webtiles) character file.

1794 KristoblXynda the Destroyer (level 8, -4/57 HPs)
             Began as a Pale Draconian Conjurer on Nov 22, 2016.
             Was a Follower of Vehumet.
             Shot with an arrow by a centaur (10 damage)
             ... on level 7 of the Dungeon on Nov 23, 2016.
             The game lasted 00:18:34 (7301 turns).

KristoblXynda the Destroyer (DrCj)                  Turns: 7301, Time: 00:18:35

Health: -4/57      AC:  6    Str: 11    XL:     8   Next: 82%
Magic:  11/18      EV: 14    Int: 21    God:    Vehumet [*.....]
Gold:   361        SH:  0    Dex: 16    Spells: 13/21 levels left

rFire  . . .     SeeInvis .     r - +0 quarterstaff
rCold  . . .     Gourm    +     (armour unavailable)
rNeg   . . .     Faith    .     (shield currently unavailable)
rPois  .         Spirit   .     (helmet restricted)
rElec  .         Reflect  .     (no cloak)
rCorr  .         Harm     .     (no gloves)
MR     .....                    (no boots)
Stlth  ++........               l - amulet of the gourmand
                                m - +5 ring of dexterity
                                t - +3 ring of intelligence

@: no status effects
A: breathe steam, unfitting armour, cold-blooded, AC +6
a: Breathe Steam, Renounce Religion


You were on level 7 of the Dungeon.
You worshipped Vehumet.
Vehumet was aware of your devotion.
You were full.

You visited 2 branches of the dungeon, and saw 8 of its levels.

You collected 361 gold pieces.

Inventory:

Hand Weapons
 r - a +0 quarterstaff (weapon)
Missiles
 e - 5 javelins (quivered)
 f - 2 throwing nets
Armour
 c - a +0 buckler
Jewellery
 l - an amulet of the gourmand (around neck)
 m - a +5 ring of dexterity (right hand)
 t - a +3 ring of intelligence (left hand)
Wands
 v - a wand of lightning (7/15)
 w - a wand of paralysis (1/24)
Scrolls
 h - 2 scrolls of remove curse
 j - a scroll of blinking
 n - a scroll of immolation
 p - a scroll of teleportation
 u - a scroll of recharging
Potions
 g - a potion of heal wounds
 i - 3 potions of brilliance
 k - a potion of flight {unknown}
 q - 3 potions of curing
Books
 a - a book of Conjurations

   Spells                             Type                      Level
   a - Magic Dart                     Conjuration                  1
   b - Searing Ray                    Conjuration                  2
   c - Dazzling Spray                 Conjuration/Hexes            3
   d - Fulminant Prism                Conjuration/Hexes            4
   e - Iskenderun's Mystic Blast      Conjuration                  4
   f - Iskenderun's Battlesphere      Conjuration/Charms           5
 o - a book of Necromancy

   Spells                             Type                      Level
   a - Pain                           Necromancy                   1
   b - Animate Skeleton               Necromancy                   1
   c - Vampiric Draining              Necromancy                   3
   d - Regeneration                   Charms/Necromancy            3
   e - Animate Dead                   Necromancy                   4
   f - Control Undead                 Necromancy                   4
Comestibles
 b - 2 bread rations
 d - a meat ration


   Skills:
 + Level 4.1 Dodging
 - Level 1.9 Stealth
 + Level 7.1 Spellcasting
 + Level 8.6 Conjurations


You had 13 spell levels left.
You knew the following spells:

 Your Spells              Type           Power        Failure   Level  Hunger
a - Magic Dart            Conj           ####         1%          1    None
b - Dazzling Spray        Conj/Hex       ####..       4%          3    #......
c - Iskenderun's Mystic   Conj           #####...     2%          4    ###....


Dungeon Overview and Level Annotations

Branches:
Dungeon (7/15)             Temple (1/1) D:5

Altars:
Cheibriados
Dithmenos
Elyvilon
Fedhas
Gozag
Hepliaklqana
Kikubaaqudgha
Makhleb
Nemelex Xobeh
Okawaru
Qazlal
Ru
Sif Muna
Trog
Uskayaw
Vehumet
Xom
Yredelemnul
Zin
The Shining One


Innate Abilities, Weirdness & Mutations

You can breathe blasts of scalding, opaque steam.
Your pale cyan-grey scales are hard. (AC +6)
You cannot fit into any form of body armour.
You are cold-blooded and may be slowed by cold attacks.


Message History

The centaur is moderately wounded.
Casting: Magic Dart
Confirm with . or Enter, or press ? or * to list all spells.
Aiming: Magic Dart
Press: ? - help, Shift-Dir - straight line, f/p - centaur
Aim: a centaur, wielding a shortbow (moderately wounded)
The magic dart hits the centaur.
The centaur is severely wounded.
The centaur shoots an arrow.
The arrow hits you!
* * * LOW HITPOINT WARNING * * *
The centaur shoots an arrow.
The arrow barely misses you.
Casting: Magic Dart
Confirm with . or Enter, or press ? or * to list all spells.
Aiming: Magic Dart
Press: ? - help, Shift-Dir - straight line, f/p - centaur
Aim: a centaur, wielding a shortbow (severely wounded)
The magic dart hits the centaur.
The centaur is severely wounded.
The centaur shoots an arrow.
The arrow hits you!
You die...

### ... #.#
#.# . #.# ..
#.# ... #@#
.... #=#
...c.
##c###....?.
#<..(.......
##.######...
#.........
##########


You could see a centaur.

Vanquished Creatures
  Eustachio (D:6)
  Menkaure (D:4)
  A water moccasin (D:6)
  2 ice beasts
  A necrophage (D:6)
  The ghost of herpmino the Chiller, an amateur FoIE (D:3)
  4 bullfrogs (D:6)
  3 scorpions
  A bullfrog zombie (D:5)
  3 hounds
  An orc priest (D:5)
  An orc wizard (D:5)
  2 bullfrog skeletons (D:4)
  An iguana (D:6)
  3 worker ants
  Robin (D:2)
  11 gnolls
  10 adders
  2 oozes
  4 worms
  4 dart slugs
  A leopard gecko (D:6)
  16 orcs
  4 ball pythons
  11 bats
  3 giant cockroaches
  18 goblins
  2 hobgoblins
  16 jackals
  9 kobolds
  2 quokkas (D:4)
  A frilled lizard (D:1)
  A leopard gecko skeleton (D:6)
  11 rats
153 creatures vanquished.

Notes
Turn   | Place    | Note
-------+----------+-------------------------------------------
     0 | D:1      | KristoblXynda the Draconian Conjurer began the quest for the Orb.
     0 | D:1      | Reached XP level 1. HP: 14/14 MP: 3/3
   361 | D:1      | Reached XP level 2. HP: 20/20 MP: 1/5
  1255 | D:2      | Reached XP level 3. HP: 25/26 MP: 1/7
  1800 | D:2      | Reached XP level 4. HP: 33/33 MP: 3/8
  1910 | D:2      | Noticed Robin
  1925 | D:2      | Reached skill level 5 in Conjurations
  2016 | D:2      | Killed Robin
  2386 | D:2      | Reached XP level 5. HP: 38/38 MP: 6/10
  3122 | D:3      | Noticed herpmino's ghost (amateur FoIE)
  3202 | D:3      | Killed herpmino's ghost
  3202 | D:3      | Reached XP level 6. HP: 15/45 MP: 0/12
  3546 | D:3      | Reached skill level 6 in Conjurations
  3561 | D:3      | Learned a level 3 spell: Dazzling Spray
  3566 | D:3      | Learned a level 4 spell: Iskenderun's Mystic Blast
  3935 | D:4      | Noticed Menkaure
  4335 | D:4      | Killed Menkaure
  4335 | D:4      | Reached skill level 5 in Spellcasting
  4511 | D:4      | Your scales start taking on a pale cyan-grey colour.
  4511 | D:4      | Reached XP level 7. HP: 50/50 MP: 11/14
  4878 | D:5      | Entered Level 5 of the Dungeon
  4899 | D:5      | Found a staircase to the Ecumenical Temple.
  4911 | Temple   | Entered the Ecumenical Temple
  5088 | Temple   | Became a worshipper of Vehumet
  5271 | D:5      | Reached skill level 7 in Conjurations
  6209 | D:6      | Reached XP level 8. HP: 41/57 MP: 10/17
  6380 | D:6      | Reached skill level 8 in Conjurations
  6628 | D:6      | Reached * piety under Vehumet
  6628 | D:6      | Offered knowledge of Sandblast by Vehumet.
  6770 | D:6      | Noticed Eustachio
  6798 | D:6      | Killed Eustachio
  7301 | D:7      | Shot with an arrow by a centaur

Vault maps used:
D:1:      dpeg_arrival_orchard
D:2:      minmay_door_path, uniq_robin
D:3:      first_bread
D:4:      uniq_menkaure
D:5:      minmay_holes
D:6:      uniq_eustachio
Temple:   roderic_octagonal_lattice_temple

Skill      XL: |  1  2  3  4  5  6  7  8 |
---------------+-------------------------+-----
Spellcasting   | 3 4 5 6 7 |  7.1
Conjurations   | 5 6 7 8 |  8.6
Dodging        | 2 4 |  4.1
Stealth        | |  1.9

Action                   |  1- 3 |  4- 6 |  7- 9 || total
-------------------------+-------+-------+-------++-------
Melee: Unarmed           |    24 |    23 |       ||    47
       Tailslap          |     2 |     3 |     4 ||     9
       Trident           |       |    20 |     9 ||    29
       Quarterstaff      |       |       |    30 ||    30
Throw: Javelin           |       |     5 |       ||     5
 Cast: Magic Dart        |    73 |   164 |   184 ||   421
       Iskenderun's Myst |       |       |     4 ||     4
 Abil: Breathe Steam     |       |       |     6 ||     6
  Use: Scroll            |     6 |     1 |     8 ||    15
       Potion            |       |     4 |       ||     4
  Eat: Chunk             |     3 |     3 |    11 ||    17
       Fruit             |       |     2 |       ||     2
       Bread ration      |       |     1 |       ||     1
       Beef jerky        |       |     1 |       ||     1
       Pizza             |       |       |     1 ||     1
Armor: Skin              |    15 |    23 |    29 ||    67
Dodge: Dodged            |    28 |    51 |    73 ||   152
